 Dungeon Crawl Stone Soup version 0.17.1-1-g73c8601 (webtiles) character file.

3005 Econoterrorist the Carver (level 9, -4/81 HPs)
             Began as a Minotaur Fighter on Mar 14, 2016.
             Was an Initiate of Okawaru.
             Slain by an orc
             ... wielding a +0 short sword
              (5 damage)
             ... on level 7 of the Dungeon.
             The game lasted 00:21:33 (7513 turns).

Econoterrorist the Carver (Minotaur Fighter)        Turns: 7513, Time: 00:21:33

Health: -4/81      AC:  9    Str: 22    XL:     9   Next: 54%
Magic:  8/8        EV:  9    Int:  8    God:    Okawaru [......]
Gold:   322        SH:  0    Dex:  9    Spells: 0 memorised, 8 levels left

rFire  + . .     SeeInvis .     a - +0 long sword
rCold  + . .     Clarity  .     n - +0 ring mail {MR+}
rNeg   . . .     SustAt   .     c - +0 shield
rPois  .         Gourm    .     (helmet restricted)
rElec  .         Spirit   .     k - +0 cloak
rCorr  .         Warding  .     x - +0 pair of gloves
rMut   .         Stasis   .     (no boots)
MR     +....                    (no amulet)
Stlth  ..........               s - ring of protection from fire
                                d - ring of protection from cold

@: confused, lethally poisoned (-4 -> -27), somewhat resistant to hostile
enchantments, extremely unstealthy
A: retaliatory headbutt, horns 2
a: Renounce Religion


You were on level 7 of the Dungeon.
You worshipped Okawaru.
Okawaru was noncommittal.
You were not hungry.

You visited 2 branches of the dungeon, and saw 8 of its levels.

You collected 322 gold pieces.

Inventory:

Hand Weapons
 a - a +0 long sword (weapon)
 l - a +0 dagger of chaos
Armour
 c - a +0 shield (worn)
 k - a +0 cloak (worn)
 n - a +0 ring mail of magic resistance (worn)
 x - a +0 pair of gloves (worn)
Jewellery
 d - a ring of protection from cold (left hand)
 s - a ring of protection from fire (right hand)
 G - an uncursed ring of see invisible
Wands
 i - a wand of digging (11)
Scrolls
 b - 3 scrolls of enchant weapon {unknown}
 g - a scroll of summoning {unknown}
 h - 3 scrolls of teleportation
 j - a scroll of identify
 m - a scroll of random uselessness {unknown}
 o - a scroll of amnesia {unknown}
 p - 6 scrolls of remove curse
 t - 3 scrolls of blinking {unknown}
 u - a scroll of fog {unknown}
 y - a scroll of fear {unknown}
 z - a scroll of enchant armour {unknown}
 C - a scroll of immolation {unknown}
 D - a scroll of magic mapping {unknown}
Potions
 f - a potion of curing
 q - a potion of cure mutation
 v - a potion of lignification {unknown}
 w - a potion of poison {unknown}
 E - a potion of berserk rage {unknown}
Comestibles
 e - 5 bread rations
 r - 3 meat rations


   Skills:
 + Level 8.2 Fighting
 + Level 9.9 Long Blades
 + Level 8.3 Armour
 + Level 8.2 Shields


You had 8 spell levels left.
You didn't know any spells.

Dungeon Overview and Level Annotations

Branches:
Dungeon (7/15)             Temple (1/1) D:6

Altars:
Ashenzari
Cheibriados
Dithmenos
Elyvilon
Fedhas
Gozag
Kikubaaqudgha
Makhleb
Nemelex Xobeh
Okawaru
Ru
Sif Muna
Trog
Vehumet
Xom
Yredelemnul
Zin
The Shining One


Innate Abilities, Weirdness & Mutations

You reflexively headbutt those who attack you in melee.
You have a pair of horns on your head.


Message History

The orc priest hits you but does no damage.
You bump into the rock wall.
* * * LOW HITPOINT WARNING * * *
You feel sick. The orc hits you but does no damage.
You bump into the rock wall.
* * * LOW HITPOINT WARNING * * *
You feel sick.
The orc priest hits you but does no damage.
The orc warrior hits you with a glaive of venom!
* * * LOW HITPOINT WARNING * * *
The orc closely misses you.
You closely miss the orc priest.
* * * LOW HITPOINT WARNING * * *
You feel sick.
The orc priest hits you but does no damage.
The orc warrior hits you with a glaive of venom!
* * * LOW HITPOINT WARNING * * *
You are more poisoned.
The orc hits you with a short sword.
You die...

#.#
#.o.o.o.'......
#.#
#o#######......
#.# #.# ####..#
#.#####o# #>..
#.#...o.# ####
#..#
#.#.#####.....
....
#.#.#####.....
....
#.#o#.........
...
#.#o@o........
...
#.###.........
...
##.###.........
...
#....#####.....
... ####.#
..... #.# ....
#.# ## #.# #.#


You could see an orc warrior, an orc priest and an orc.

Vanquished Creatures
  Grinder (D:6)
  Prince Ribbit (D:5)
  A two-headed ogre (D:6)
  Edmund (D:6)
  A water moccasin (D:6)
  3 ogres
  A sky beast (D:6)
  5 centaurs
  A black bear (D:6)
  2 giant frogs
  4 wights (D:6)
  2 hounds
  6 crimson imps (D:5)
  2 giant frog zombies
  A jelly (D:5)
  2 orc priests
  Ijyb (D:3)
  A giant frog skeleton (D:6)
  A centaur skeleton (D:5)
  2 orc wizards
  4 iguanas
  7 worker ants
  A worker ant zombie (D:6)
  8 adders
  A shadow imp (D:6)
  An adder zombie (D:5)
  An adder skeleton (D:5)
  2 worms
  4 giant geckos
  21 orcs
  A ball python (D:4)
  9 bats
  7 giant cockroaches
  10 goblins
  9 hobgoblins
  6 jackals (D:4)
  3 quokkas
  A giant gecko skeleton (D:6)
  A giant gecko zombie (D:6)
  4 giant newts
  2 jackal zombies (D:6)
  7 kobolds
  A quokka skeleton (D:4)
  8 rats
158 creatures vanquished.

Notes
Turn   | Place    | Note
--------------------------------------------------------------
     0 | D:1      | Econoterrorist the Minotaur Fighter began the quest for the Orb.
     0 | D:1      | Reached XP level 1. HP: 19/19 MP: 0/0
   330 | D:1      | Reached XP level 2. HP: 26/26 MP: 1/1
   951 | D:2      | Reached skill level 4 in Long Blades
  1015 | D:2      | Found a shattered altar of Ashenzari.
  1241 | D:2      | Reached XP level 3. HP: 31/31 MP: 2/2
  1761 | D:3      | Noticed a giant frog
  1768 | D:3      | Killed a giant frog
  1768 | D:3      | Reached skill level 6 in Long Blades
  1768 | D:3      | Reached XP level 4. HP: 33/39 MP: 3/3
  1924 | D:3      | Reached XP level 5. HP: 38/45 MP: 4/4
  2044 | D:3      | Noticed Ijyb
  2061 | D:3      | Paralysed by Ijyb for 7 turns
  2071 | D:3      | Paralysed by Ijyb for 3 turns
  2075 | D:3      | Paralysed by Ijyb for 5 turns
  2090 | D:3      | Killed Ijyb
  2262 | D:3      | Found a blossoming altar of Fedhas.
  2716 | D:4      | Noticed an ogre
  2720 | D:4      | Killed an ogre
  2720 | D:4      | Reached XP level 6. HP: 26/52 MP: 5/5
  3002 | D:4      | Reached skill level 7 in Long Blades
  3169 | D:4      | Noticed an ogre
  3180 | D:4      | Killed an ogre
  3185 | D:4      | Reached skill level 5 in Shields
  3185 | D:4      | Reached XP level 7. HP: 50/60 MP: 6/6
  3310 | D:4      | Reached skill level 5 in Armour
  3325 | D:4      | Reached skill level 5 in Fighting
  3559 | D:4      | Found a glowing silver altar of Zin.
  3933 | D:4      | Found a sacrificial altar of Ru.
  3933 | D:4      | Found a bloodstained altar of Trog.
  4046 | D:4      | Found a sparkling altar of Nemelex Xobeh.
  4134 | D:5      | Entered Level 5 of the Dungeon
  4501 | D:5      | Noticed Prince Ribbit
  4525 | D:5      | Killed Prince Ribbit
  4525 | D:5      | Reached skill level 8 in Long Blades
  4525 | D:5      | Reached XP level 8. HP: 36/70 MP: 7/7
  4757 | D:5      | Found a shimmering altar of Xom.
  5821 | D:6      | Noticed Edmund
  5827 | D:6      | Reached skill level 9 in Long Blades
  5838 | D:6      | Killed Edmund
  5838 | D:6      | Reached XP level 9. HP: 79/79 MP: 8/8
  6025 | D:6      | Noticed a two-headed ogre
  6030 | D:6      | Killed a two-headed ogre
  6181 | D:6      | Found a staircase to the Ecumenical Temple.
  6193 | Temple   | Entered the Ecumenical Temple
  6352 | Temple   | Became a worshipper of Warmaster Okawaru
  6539 | D:6      | Noticed Grinder
  6541 | D:6      | Paralysed by Grinder for 4 turns
  6548 | D:6      | Paralysed by Grinder for 7 turns
  6563 | D:6      | Paralysed by Grinder for 3 turns
  6576 | D:6      | Paralysed by Grinder for 3 turns
  6588 | D:6      | Killed Grinder
  7513 | D:7      | HP: 1/81 [orc warrior/glaive of venom (7)]
  7513 | D:7      | Slain by an orc

Action                   |  1- 3 |  4- 6 |  7- 9 || total
-------------------------+-------+-------+-------++-------
Melee: Long sword        |   113 |   143 |   321 ||   577
  Use: Scroll            |     3 |       |     7 ||    10
       Potion            |       |     3 |     2 ||     5
  Eat: Chunk             |     3 |     4 |     8 ||    15
       Pizza             |       |       |     1 ||     1
       Fruit             |       |       |     6 ||     6
